Map: Dusk Towers

Players

andMonster

  • Race: Protoss Protoss
  • League: Silver

lesha - Winner!

  • Race: Terran Terran
  • League: Gold

VOD

Have the link to the VOD?

Description

Time

  • Played on: Jan. 9, 2016, 12:36 a.m.
  • Length: 10:37
Show
View Real Time Build Order
Export as new Build Order

andMonster Protoss 

Build Orders:  

Get SALT Encoding   

  12  0:01  Probe (Chrono Boost)  
  13  0:11  Probe (Chrono Boost)  
  14  0:18  Pylon  
  14  0:22  Probe (Chrono Boost)  
  15  0:36  Probe (Chrono Boost)  
  15  0:40  Gateway  
  16  0:47  Probe (Chrono Boost)  
  16  0:48  Assimilator  
  17  0:58  Probe (Chrono Boost)  
  17  1:00  Assimilator  
  18  1:08  Probe (Chrono Boost)  
  19  1:25  Pylon  
  19  1:30  Cybernetics Core  
  19  1:32  Gateway  
  19  1:34  Probe (Chrono Boost)  
  20  1:40  Zealot (Chrono Boost)  
  20  1:44  Probe  
  23  2:02  Probe  
  23  2:08  Warp Gate (Chrono Boost)  
  24  2:11  Stalker  
  24  2:14  Probe  
  27  2:27  Stalker  
  29  2:33  Gateway  
  29  2:35  Gateway  
  29  2:38  Mothership Core  
  31  2:55  Pylon  
  31  3:13  Stalker  
  31  3:19  Pylon  
  39  3:43  Pylon  
  33  4:06  Pylon  
  33  4:11  Stalker x4  
  32  4:46  Stalker x4  
  32  5:11  Stalker  
  32  5:12  Stalker x3  
  38  5:28  Twilight Council  
  38  5:37  Robotics Facility  
  38  6:16  Pylon  
  38  6:17  Pylon  
  38  6:20  Zealot x4  
  46  6:37  Dark Shrine  
  40  7:18  Warp Prism  
  32  7:40  Mothership Core  
  32  7:41  Pylon  
  34  7:51  Dark Templar x2  
  34  7:52  Dark Templar x2  
  42  8:37  Dark Templar  
  42  8:38  Dark Templar x2  
  42  9:51  Dark Templar  
  42  10:05  Dark Templar  
Show
View Real Time Build Order
Export as new Build Order

lesha Terran - Winner!

Build Orders: Reaper Expand 

Get SALT Encoding   

  12  0:03  SCV  
  13  0:15  SCV  
  13  0:19  Supply Depot  
  14  0:27  SCV  
  15  0:41  SCV  
  15  0:42  Barracks  
  16  0:48  Refinery  
  16  0:55  SCV  
  17  1:10  SCV  
  18  1:24  SCV  
  19  1:35  Reaper  
  19  1:38  Orbital Command  
  20  1:50  Supply Depot  
  20  1:53  Command Center  
  20  2:02  Refinery  
  20  2:04  SCV  
  21  2:08  Barracks Reactor  
  21  2:20  SCV  
  21  2:22  Barracks  
  22  2:34  Factory  
  22  2:39  SCV  
  23  2:50  Marine x2  
  25  2:51  SCV  
  26  3:03  SCV  
  27  3:07  Orbital Command  
  27  3:10  Bunker  
  27  3:11  Barracks Tech Lab  
  27  3:13  Marine x2  
  27  3:17  Factory Tech Lab  
  29  3:25  SCV  
  30  3:32  Barracks  
  30  3:33  Marauder  
  32  3:37  SCV  
  33  3:47  Engineering Bay  
  33  3:49  Marine x2  
  35  4:00  SCV  
  35  4:02  Marauder  
  38  4:07  Siege Tank  
  38  4:08  Marine  
  42  4:11  Marine  
  43  4:30  Missile Turret  
  41  4:39  Missile Turret  
  38  4:47  Marine x2  
  38  4:48  Marine x2  
  38  5:05  Marine x3  
  41  5:19  Terran Infantry Weapons Level 1, Starport  
  41  5:20  Supply Depot  
  41  5:21  Stimpack, Marine  
  41  5:23  Marine x2  
  41  5:25  Barracks Reactor  
  44  5:42  Marine x2, Marauder  
  48  5:43  Supply Depot  
  48  5:52  SCV x2  
  48  5:56  Starport Reactor  
  50  6:00  Marine x2  
  52  6:04  SCV x2  
  52  6:07  Marine x2  
  52  6:11  Siege Tank  
  59  6:14  Marauder  
  61  6:27  Marine  
  62  6:34  Command Center, SCV x2, Marine  
  57  6:56  Marine  
  51  7:21  Marine x2  
  51  7:22  Marine x3  
  54  7:24  Medivac x2  
  58  7:39  Marine  
  59  7:46  SCV x2  
  59  7:50  Orbital Command  
  62  7:58  SCV x2  
  63  8:17  Marine x5  
  63  8:19  Medivac  
  70  8:24  SCV  
  70  8:25  SCV  
  57  8:59  Marine  
  57  9:00  Marine x4  
  61  9:08  Starport  
  61  9:10  Barracks  
  61  9:16  Barracks  
  61  9:17  Siege Tank, Marine x2  
  61  9:18  Marine  
  61  9:19  SCV x3  
  67  9:31  SCV x3  
  55  9:52  SCV x3  
  57  9:59  Missile Turret  
  57  10:04  SCV x2, Missile Turret  
  56  10:15  Barracks Reactor, Starport Tech Lab  
  56  10:16  Barracks Reactor  
  56  10:17  Marine x5  
  65  10:28  Missile Turret  
  65  10:30  Missile Turret  
Tags
 
Add a new tag
Caveats
  • Supply blocks, unpowered buildings, or Contaminate may cause inaccurate times.
  • Supply counts are checked every 10 seconds.